 Dungeon Crawl Stone Soup version 0.31-a0-435-g2c6fae2916 (webtiles) character file.

Game seed: 13666236517966168179

1927 Dittersdorf the Covered (level 9, -2/57 HPs)
             Began as a Gargoyle Fighter on Aug 1, 2023.
             Was an Initiate of Okawaru.
             Shot with an arrow by an orc warrior (13 damage)
             ... on level 6 of the Dungeon.
             The game lasted 00:07:57 (5694 turns).

Dittersdorf the Covered (Gargoyle Fighter)          Turns: 5694, Time: 00:07:58

Health: -2/57      AC: 17    Str: 23    XL:     9   Next: 17%
Magic:  9/9        EV: 10    Int: 10    God:    Okawaru [......]
Gold:   337        SH:  5    Dex:  9    Spells: 8/8 levels left

rFire   . . .        j - +9 morningstar of Kindness {heavy, rPois Will+}
rCold   . . .        c - +0 buckler
rNeg    + . .        p - +4 ring mail
rPois   ∞            (no helmet)
rElec   +            (no cloak)
rCorr   .            (no gloves)
SInv    .            (no boots)
Will    +....        (no amulet) Stlth
                     (no ring)
HPRegen 0.29/turn    (no ring)
MPRegen 0.11/turn

%: no passive effects
@: no status effects
A: sickness immunity, AC +6, negative energy resistance 1, electricity
resistance, torment resistance 1, petrification resistance
a: Renounce Religion


You were on level 6 of the Dungeon.
You worshipped Okawaru.
Okawaru was noncommittal.
You visited 2 branches of the dungeon, and saw 7 of its levels.
You also visited: Sewer.

You collected 337 gold pieces.

Inventory:

Hand Weapons
 j - the +9 morningstar of Kindness (weapon) {heavy, rPois Will+}
   (You acquired it on level 3 of the Dungeon)

   rPois:     It protects you from poison.
   Will:      It increases your willpower.
Armour
 c - a +0 buckler (worn)
 p - a +4 ring mail (worn)
Jewellery
 f - a ring of ice
 g - a ring of fire
Wands
 a - a wand of flame (22)
 h - a wand of iceblast (5) (quivered)
Scrolls
 o - a scroll of teleportation
Potions
 b - 2 potions of heal wounds {unknown}
 d - 2 potions of might
 e - 2 potions of enlightenment {unknown}
 i - a potion of degeneration {unknown}
 k - a potion of brilliance {unknown}
 l - a potion of curing
 n - 2 potions of haste {unknown}


   Skills:
 + Level 7.1 Fighting
 + Level 6.0 Maces & Flails
 + Level 7.2 Armour
 + Level 7.2 Shields


You had 8 spell levels left.
You didn't know any spells.
Your spell library contained the following spells:

 Spells                   Type           Power      Damage    Failure   Level
 Freeze                   Ice            0%         1d3       54%         1
 Dazzling Flash           Conj/Hex       0%         N/A       89%         3
 Frozen Ramparts          Ice            0%         1d1       89%         3
 Hailstorm                Conj/Ice       0%         3d3       89%         3
 Ignite Poison            Fire/Tmut/Pois 0%         N/A       89%         3
 Inner Flame              Hex/Fire       0%         N/A       89%         3
 Flame Wave               Conj/Fire      0%         2d4       100%        4
 Sticky Flame             Conj/Fire      0%         2d3       100%        4
 Agony                    Necr           0%         N/A       100%        5
 Silence                  Hex/Air        0%         N/A       100%        5
 Ignition                 Fire           0%         3d3       100%        8


Dungeon Overview and Level Annotations

Branches:
Dungeon (6/15)             Temple (1/1) D:6           Sewer (visited)

Altars:
Ashenzari
Cheibriados
Dithmenos
Elyvilon
Fedhas
Gozag
Hepliaklqana
Nemelex Xobeh
Okawaru
Qazlal
Ru
Sif Muna
Trog
Uskayaw
Vehumet
Xom
Yredelemnul
Zin
The Shining One


Innate Abilities, Weirdness & Mutations

You are immune to sickness and miasma.
Your stone body is resilient. (AC +6)
You are immune to poison.
You resist negative energy. (rN+)
You are resistant to electric shocks. (rElec)
You are resistant to unholy torment.
You are immune to petrification.


Message History

You are too injured to fight recklessly!
You are too injured to fight recklessly!
You are too injured to fight recklessly!
Blink to where?
Press: ? - help, Dir - move target
As you read the scroll of blinking, it crumbles to dust.
The hound attacks as you move away! The hound bites you but does no damage.
The hound bites you but does no damage. The hound bites you but does no damage.
The hound attacks as you move away! The hound bites you but does no damage.
The hound attacks as you move away!
The hound bites you but does no damage. x2
You puncture the hound!
The hound is severely wounded.
The hound closely misses you. The hound bites you.
* * * LOW HITPOINT WARNING * * *
The hound closely misses you.
You bludgeon the hound!!
You kill the hound!
Okawaru accepts your kill.
The orc warrior unwields a +0 hand axe.
The orc warrior wields a +0 orcbow.
The orc warrior shoots an arrow.
The arrow hits you but does no damage. The hound closely misses you.
You bludgeon the hound!!
You kill the hound!
Okawaru accepts your kill.
You impale the orc warrior!!
The orc warrior is almost dead.
The orc warrior unwields a +0 orcbow.
The orc warrior wields a +0 hand axe.
The orc warrior hits you but does no damage.
The orc warrior barely misses you.
The orc warrior unwields a +0 hand axe.
The orc warrior wields a +0 orcbow.
The orc warrior shoots an arrow.
The arrow hits you.
* * * LOW HITPOINT WARNING * * *
The orc warrior shoots an arrow.
The arrow hits you.
* * * LOW HITPOINT WARNING * * *
The orc warrior shoots an arrow.
The arrow closely misses you.
The orc warrior shoots an arrow.
The arrow hits you but does no damage.
The orc warrior shoots an arrow.
The arrow misses you.
The orc warrior shoots an arrow.
The arrow hits you!
You die...

.# #..........#...# #.
.# #.#.####.####### #.
.# #.#.# #.# ## .# #.#.#
#.####### .# #### ##.#.#
#......<. .#####.....
#....# #########
o.O........ #....####.#
###h##.#######.........#
#.# #...#@.#####
#.##)#####.#....#
#.##.......###..#
#.#######..# #..#
#..######..# #..#
####†oOo†o...# #..#
.....o#####.####..#####
####.## #.o..oo.....#
#.# #.......###.########


You could see an orc warrior and an orc priest.

Vanquished Creatures
  Pikel (D:4)
  Grinder (D:3)
  2 lemures (D:4)
  2 bullfrogs
  2 scorpions (D:4)
  A jelly (D:4)
  A gnoll bouda (D:5)
  8 hounds
  Terence (D:2)
  4 sleepcaps
  2 iguanas
  3 orc wizards
  Natasha (thrice) (D:4)
  15 gnolls
  13 adders
  A shadow imp (D:5)
  A white imp (D:5)
  A worm (D:2)
  3 dart slugs
  6 orcs
  12 endoplasms
  10 giant cockroaches
  7 goblins
  7 hobgoblins
  8 quokkas
  11 ball pythons
  7 bats
  8 frilled lizards
  5 kobolds
  8 rats
154 creatures vanquished.

Notes
Turn   | Place    | Note
-------+----------+-------------------------------------------
     0 | D:1      | Dittersdorf the Gargoyle Fighter began the quest for the
                  | Orb.
     0 | D:1      | Reached XP level 1. HP: 14/14 MP: 1/1
   192 | D:1      | Reached XP level 2. HP: 17/19 MP: 2/2
   890 | D:2      | Reached XP level 3. HP: 23/23 MP: 3/3
  1141 | D:2      | Reached XP level 4. HP: 27/29 MP: 4/4
  1337 | D:2      | Noticed Terence
  1359 | D:2      | Killed Terence
  1565 | D:2      | Reached XP level 5. HP: 32/33 MP: 5/5
  1752 | D:2      | Found a shimmering altar of Xom.
  1788 | D:3      | Identified a scroll of acquirement
  1788 | D:3      | Acquired the +9 morningstar of Kindness {heavy, rPois
                  | Will+}
  1919 | D:3      | Found a glowing drain.
  1924 | Sewer    | Entered a sewer
  2146 | Sewer    | Reached XP level 6. HP: 33/39 MP: 6/6
  2502 | D:3      | Noticed Grinder
  2508 | D:3      | Killed Grinder
  2509 | D:3      | Reached skill level 5 in Fighting
  2509 | D:3      | Reached skill level 5 in Armour
  2509 | D:3      | Reached skill level 5 in Shields
  2713 | D:3      | Found a white marble altar of Elyvilon.
  2763 | D:3      | Reached XP level 7. HP: 44/44 MP: 7/7
  3139 | D:4      | Noticed Pikel
  3165 | D:4      | Killed Pikel
  3166 | D:4      | Reached XP level 8. HP: 4/51 MP: 8/8
  3317 | D:4      | Reached skill level 5 in Maces & Flails
  3563 | D:4      | Noticed Natasha
  3566 | D:4      | Killed Natasha
  3579 | D:4      | Noticed Natasha
  3587 | D:4      | Killed Natasha
  3789 | D:4      | Noticed Natasha
  3793 | D:4      | Killed Natasha
  3865 | D:5      | Entered Level 5 of the Dungeon
  5071 | D:6      | Reached XP level 9. HP: 56/56 MP: 9/9
  5107 | D:6      | Found a staircase to the Ecumenical Temple.
  5117 | Temple   | Entered the Ecumenical Temple
  5127 | Temple   | Became a worshipper of Warmaster Okawaru
  5471 | D:6      | Found a glowing silver altar of Zin.
  5485 | D:6      | Found a basalt altar of Yredelemnul.
  5553 | D:6      | Found a shimmering blue altar of Sif Muna.
  5694 | D:6      | Shot with an arrow by an orc warrior

Illustrated notes

Levels and vault maps discovered:
D:1:      dpeg_arrival_short_road, layout_loops_corners
D:2:      layout_basic, basic_altar, uniq_terence
D:3:      layout_basic, nicolae_elyvilon_temple_path, portal_sewer_entry_e,
          amcnicky_mini_pool_small, minmay_box_of_dots, uniq_grinder
D:4:      layout_loops_ring, uniq_pikel, uniq_natasha
D:5:      nicolae_BIG_FREAKIN_CUBE, layout_basic, grunt_ministairs_2
D:6:      layout_loops_ring, lemuel_blue_sif_altar, marbit_many_paths,
          mainiacjoe_overflow_big_doors, temple_hall, minmay_bent
Temple:   compressed_dpeg_circular_temple

Skill      XL: |  1  2  3  4  5  6  7  8  9 |
---------------+----------------------------+-----
Armour         | 4 5 6 7 |  7.2
Shields        | 4 5 6 7 |  7.2
Fighting       | 4 5 6 7 |  7.1
Maces & Flails | 3 4 5 6 |  6.0

Action                     |  1- 3 |  4- 6 |  7- 9 || total
---------------------------+-------+-------+-------++-------
  Melee: Flail             |   135 |    57 |       ||   192
         Morningstar       |       |    66 |   165 ||   231
  Evoke: Wand              |       |     1 |       ||     1
    Use: Scroll            |       |     3 |     4 ||     7
 Armour: Scale mail        |    79 |    77 |    34 ||   190
         Ring mail         |       |       |    76 ||    76
         Chain mail        |       |       |    17 ||    17
  Dodge: Dodged            |    73 |    83 |   103 ||   259
  Block: Buckler           |    35 |    38 |    53 ||   126

Table legend: (Time is in decaauts)
 A = Elapsed time spent in this place.
 B = Non-inter-level travel time spent in this place.
 C = Inter-level travel time spent in this place.
 D = Time resting spent in this place.
 E = Time spent auto-exploring this place.
 F = Levels seen in this place.
 G = Mean time per level.
                   A        B        C        D        E       F      G
               +--------+--------+--------+--------+--------+-----+--------+
         Total |   6061 |   5831 |    230 |    427 |   3897 |   8 |  757.6 |
       Dungeon |   5435 |   5223 |    212 |    412 |   3609 |   6 |  905.8 |
        Temple |     20 |      2 |     18 |      0 |      0 |   1 |   20.0 |
         Sewer |    605 |    605 |      0 |     15 |    288 |   1 |  605.0 |
               +--------+--------+--------+--------+--------+-----+--------+

Top non-repeatable levels by time:
     D:5: 1224 daAuts
     D:4: 942 daAuts
     D:2: 939 daAuts
     D:1: 905 daAuts
     D:3: 783 daAuts
     D:6: 639 daAuts
   Sewer: 605 daAuts
  Temple: 20 daAuts
